 Dungeon Crawl Stone Soup version 0.21.1-1-g345015f (webtiles) character file.

6721 bosm the Fighter (level 10, 0/82 HPs)
             Began as a Demonspawn Hunter on Mar 31, 2018.
             Was a Priest of Okawaru.
             Slain by an orc warrior
             ... wielding a +0 scimitar
              (12 damage)
             ... on level 9 of the Dungeon.
             The game lasted 00:39:04 (11987 turns).

bosm the Fighter (Demonspawn Hunter)               Turns: 11987, Time: 00:39:04

Health: 0/82       AC: 12    Str: 16    XL:     10   Next: 74%
Magic:  0/14       EV:  5    Int: 18    God:    Okawaru [***...]
Gold:   490        SH:  0    Dex: 13    Spells: 7/9 levels left

rFire    + . .     SeeInvis .   j - +0 dire flail
rCold    + . .     Gourm    .   (shield currently unavailable)
rNeg     . . .     Faith    .   E - +0 plate armour (curse)
rPois    .         Spirit   +   (helmet unavailable)
rElec    .         Reflect  .   (no cloak)
rCorr    .         Harm     .   (no gloves)
MR       .....                  (no boots)
Stlth    ..........             (no amulet)
HPRegen  0.23/turn              b - ring of protection from fire
MPRegen  0.28/turn              x - +2 ring of strength

@: brilliant
A: horns 3, cold resistance 1, sense surroundings 1, powered by death 1, weak 1,
wild magic 1, magic shield, magic regeneration
a: Heroism, Renounce Religion


You were on level 9 of the Dungeon.
You worshipped Okawaru.
Okawaru was most pleased with you.
You were not hungry.

You visited 3 branches of the dungeon, and saw 12 of its levels.

You collected 587 gold pieces.
You spent 97 gold pieces at shops.

Inventory:

Hand Weapons
 c - a +3 short sword of venom
 j - a +0 dire flail (weapon)
 w - a +2 whip of freezing
Missiles
 i - 3 javelins (quivered)
 y - 12 tomahawks
 F - a throwing net
Armour
 t - a +0 shield
 C - a +0 chain mail
 E - a cursed +0 plate armour (worn)
Jewellery
 b - a ring of protection from fire (left hand)
 x - a +2 ring of strength (right hand)
 D - an uncursed ring of positive energy
Wands
 d - a wand of clouds (2)
 n - a wand of acid (19)
 q - a wand of scattershot (3)
 B - a wand of disintegration (13)
Scrolls
 a - 2 scrolls of blinking
 e - a scroll of enchant armour {unknown}
 g - 3 scrolls of remove curse
 m - a scroll of fear
 o - 2 scrolls of amnesia
 p - 16 scrolls of identify
 s - 3 scrolls of teleportation
Potions
 h - 3 potions of mutation
 l - a potion of degeneration {unknown}
 u - a potion of haste
 z - a potion of magic {unknown}
 A - a potion of heal wounds {unknown}
Comestibles
 f - 12 rations
 v - 3 chunks of flesh


   Skills:
 + Level 8.9 Fighting
 * Level 5.8 Maces & Flails
 + Level 8.7 Throwing
 + Level 5.7 Armour
 - Level 1.7 Dodging
 - Level 0.8 Stealth
 * Level 3.9 Shields
 + Level 5.8 Invocations


You had 7 spell levels left.
You knew the following spells:

 Your Spells              Type           Power        Failure   Level  Hunger
a - Blink                 Tloc           N/A          80%         2    ###....


Dungeon Overview and Level Annotations

Branches:
Dungeon (10/15)            Temple (1/1) D:7            Lair (0/6) D:9
    Orc (1/2) D:9

Altars:
Ashenzari
Cheibriados
Dithmenos
Elyvilon
Fedhas
Gozag
Hepliaklqana
Kikubaaqudgha
Makhleb
Nemelex Xobeh
Okawaru
Qazlal
Ru
Sif Muna
Trog
Uskayaw
Vehumet
Wu Jian
Xom
Yredelemnul
Zin
The Shining One

Shops:
D:6 *   D:8 *


Innate Abilities, Weirdness & Mutations

You have a pair of large horns on your head.
You regenerate a little health from kills.
When hurt, damage is shared between your health and your magic reserves.
You regenerate magic rapidly.
Your flesh is cold resistant. (rC+)
You passively map a small area around you.
You are weak. (Str -2)
Your spells are a little harder to cast, but a little more powerful.


Message History

You hit the orc warrior but do no damage.
You headbutt the orc warrior.
The orc warrior is almost dead.
The orc warrior hits you with a scimitar.
* * * LOW HITPOINT WARNING * * *
You closely miss the orc warrior.
The orc warrior is almost dead.
The orc warrior hits you with a scimitar!
* * * LOW HITPOINT WARNING * * *
You barely miss the orc warrior.
The orc warrior is almost dead.
The orc warrior hits you with a scimitar.
* * * LOW HITPOINT WARNING * * *
You feel better.
A hound comes into view.
It was a potion of brilliance.
You feel clever all of a sudden.
The hound barks!
The orc warrior hits you with a scimitar!
You die...

#.# #..#
#.##################..#
#########.....................#
..............................#
........#####################.#
######..# #.# #..# #.# ###..##
### #.# ###.....### #@# #.#
##.........## #o# #.#
#...........####o############.#
...P...........ho.............#
......>.......................#
................#############.#
#..P........#...# #.#
##.........##...# #.#
####.....####...# #.#


You could see an orc warrior, a hound, an orc priest and an orc.

Vanquished Creatures
  2 two-headed ogres (D:10)
  A merfolk (D:9)
  3 hippogriffs
  A wyvern (D:9)
  A hungry ghost (D:7)
  3 wargs (D:9)
  4 orc warriors
  2 ice beasts
  A sky beast (D:7)
  3 phantoms
  2 black bears
  2 ogres
  A necrophage (D:7)
  A crocodile (D:9)
  A big kobold (D:7)
  4 bullfrogs
  A gnoll sergeant (D:4)
  A water moccasin zombie (D:7)
  A wyvern skeleton (D:9)
  4 scorpions
  14 killer bees
  4 howler monkeys
  3 crimson imps
  A bullfrog zombie (D:8)
  9 hounds
  A centaur skeleton (D:9)
  2 jellies
  2 orc priests (D:9)
  4 iguanas
  3 orc wizards
  5 worker ants
  A hound skeleton (D:6)
  3 gnolls
  14 adders
  A shadow imp (D:10)
  2 oozes
  An adder zombie (D:6)
  3 adder skeletons
  3 worms
  3 leopard geckos
  35 orcs
  2 giant cockroaches
  10 goblins
  3 hobgoblins
  2 quokkas
  A ball python (D:2)
  6 bats
  4 frilled lizards
  11 kobolds
  A quokka skeleton (D:6)
  A quokka zombie (D:7)
  3 rats
197 creatures vanquished.

Vanquished Creatures (others)
  5 dream sheep (D:8)
5 creatures vanquished.

Grand Total: 202 creatures vanquished

Notes
Turn   | Place    | Note
-------+----------+-------------------------------------------
     0 | D:1      | bosm the Demonspawn Hunter began the quest for the Orb.
     0 | D:1      | Reached XP level 1. HP: 16/16 MP: 1/1
   407 | D:1      | Gained mutation: You regenerate a little health from kills. [demonic ancestry]
   407 | D:1      | Reached XP level 2. HP: 20/22 MP: 2/2
  1398 | D:2      | Gained mutation: When hurt, damage is shared between your health and your magic reserves. [demonic ancestry]
  1398 | D:2      | Reached XP level 3. HP: 28/28 MP: 3/3
  1429 | D:2      | Reached skill level 1 in Armour
  1586 | D:2      | Noticed an ogre
  1609 | D:2      | Gained mutation: You are weak. (Str -2) [potion of mutation]
  1609 | D:2      | Gained mutation: You evolve. [potion of mutation]
  1609 | D:2      | Gained mutation: Your flesh is cold resistant. (rC+) [potion of mutation]
  1623 | D:2      | Killed an ogre
  1623 | D:2      | Reached XP level 4. HP: 35/36 MP: 4/4
  1623 | D:2      | Gained mutation: You have a pair of small horns on your head. [demonic ancestry]
  1623 | D:2      | Reached XP level 5. HP: 40/41 MP: 5/5
  2681 | D:3      | Found a sacrificial altar of Ru.
  3003 | D:4      | Reached skill level 5 in Throwing
  3031 | D:4      | Reached XP level 6. HP: 27/48 MP: 6/6
  3494 | D:4      | Reached skill level 5 in Fighting
  3502 | D:4      | Gained mutation: You have a pair of horns on your head. [demonic ancestry]
  3502 | D:4      | Reached XP level 7. HP: 29/56 MP: 3/7
  4300 | D:5      | Entered Level 5 of the Dungeon
  5547 | D:6      | Found Xicuoheo's Assorted Antiques.
  5556 | D:6      | Bought a black potion for 26 gold pieces
  5556 | D:6      | Bought a scroll labeled IBREWKAAHE for 29 gold pieces
  6126 | D:7      | Noticed a hippogriff
  6140 | D:7      | Killed a hippogriff
  6140 | D:7      | Gained mutation: You regenerate magic rapidly. [demonic ancestry]
  6140 | D:7      | Reached XP level 8. HP: 46/65 MP: 4/8
  6257 | D:7      | Found a staircase to the Ecumenical Temple.
  6266 | Temple   | Entered the Ecumenical Temple
  6491 | Temple   | Became a worshipper of Warmaster Okawaru
  6655 | D:7      | Reached skill level 1 in Maces & Flails
  6673 | D:7      | Reached skill level 1 in Invocations
  7017 | D:7      | Reached * piety under Okawaru
  7230 | D:7      | Gained mutation: You have a pair of large horns on your head. [demonic ancestry]
  7230 | D:7      | Reached XP level 9. HP: 9/72 MP: 3/10
  8104 | D:8      | Gained mutation: Your spells are a little harder to cast, but a little more powerful. [evolution]
  8108 | D:8      | Found Uxulauss's Assorted Antiques.
  8116 | D:8      | Bought a metallic pink potion for 21 gold pieces
  8116 | D:8      | Bought a sapphire potion for 21 gold pieces
  8446 | D:8      | Found a shimmering altar of Xom.
  8670 | D:9      | Reached ** piety under Okawaru
  9120 | D:9      | Reached skill level 5 in Armour
  9129 | D:9      | Reached skill level 1 in Shields
  9533 | D:9      | Gained mutation: You passively map a small area around you. [evolution]
  9534 | D:9      | Noticed a merfolk
  9547 | D:9      | Killed a merfolk
  9547 | D:9      | Reached XP level 10. HP: 53/82 MP: 8/13
  9785 | D:9      | Found a staircase to the Lair.
  9922 | D:9      | Found a staircase to the Orcish Mines.
 10447 | D:9      | Reached *** piety under Okawaru
 10447 | D:9      | Received a gift from Okawaru
 10607 | D:10     | Entered Level 10 of the Dungeon
 10671 | D:10     | Reached skill level 5 in Maces & Flails
 10671 | D:10     | Reached skill level 5 in Invocations
 10712 | D:10     | Noticed a two-headed ogre
 10719 | D:10     | Killed a two-headed ogre
 10731 | D:10     | Learned a level 2 spell: Blink
 10819 | D:10     | Noticed a two-headed ogre
 10829 | D:10     | Killed a two-headed ogre
 10829 | D:10     | Reached **** piety under Okawaru
 11708 | D:10     | Lost mutation: You evolve. [end of evolution]
 11954 | Orc:1    | Entered Level 1 of the Orcish Mines
 11985 | D:9      | HP: 3/82 [orc warrior/scimitar (3)]
 11987 | D:9      | Slain by an orc warrior

Skill      XL: |  1  2  3  4  5  6  7  8  9 10 |
---------------+-------------------------------+-----
Throwing       | 4 5 6 7 8 |  8.7
Armour         | 1 2 3 4 5 |  5.7
Fighting       | 3 4 5 6 7 8 |  8.9
Maces & Flails | 2 4 5 |  5.8
Invocations    | 2 4 5 |  5.8
Shields        | 1 3 |  3.9
Dodging        | |  1.7
Stealth        | |  0.8

Action                   |  1- 3 |  4- 6 |  7- 9 | 10-12 || total
-------------------------+-------+-------+-------+-------++-------
Melee: Short sword       |    26 |       |   372 |   126 ||   524
       Dagger            |    36 |       |       |       ||    36
       Trident           |    30 |    69 |    20 |       ||   119
       Headbutt          |       |     9 |    75 |    30 ||   114
       Dire flail        |       |       |       |    25 ||    25
       Whip              |       |       |       |    13 ||    13
Throw: Tomahawk          |    19 |    22 |    38 |     8 ||    87
       Javelin           |     4 |    12 |    33 |    31 ||    80
       Throwing net      |       |     1 |     5 |     3 ||     9
Invok: Heroism           |       |       |     7 |     1 ||     8
  Use: Potion            |     5 |       |     7 |     2 ||    14
       Scroll            |       |     6 |    12 |     1 ||    19
  Eat: Chunk             |     2 |     5 |    16 |     6 ||    29
       Ration            |       |       |     3 |       ||     3
Armor: Ring mail         |    26 |    31 |   112 |       ||   169
       Leather armour    |     3 |       |       |       ||     3
       Chain mail        |       |       |    45 |    21 ||    66
       Plate armour      |       |       |       |    73 ||    73
Dodge: Dodged            |    70 |    41 |   273 |    48 ||   432
Block: Shield            |       |       |       |     3 ||     3
